 Dungeon Crawl Stone Soup version 0.26-a0-812-g31a745ddcd (webtiles) character file.

Game seed: 6768293361977583966

91 mkm the Firebug (level 4, -8/33 HPs)
             Began as a Draconian Fire Elementalist on Nov 25, 2020.
             Mangled by a gnoll
             ... wielding a +0 flail
              (9 damage)
             ... on level 3 of the Dungeon.
             The game lasted 00:13:06 (2540 turns).

mkm the Firebug (Draconian Fire Elementalist)       Turns: 2540, Time: 00:13:07

Health: -8/33      AC:  5    Str:  9 (11) XL:     4   Next: 34%
Magic:  1/7        EV: 12    Int: 15 (16) God:
Gold:   86         SH:  0    Dex: 11 (13) Spells: 4/8 levels left

rFire    x . .     SeeInvis .   j - +0 whip (freeze)
rCold    + . .     Faith    .   (no shield)
rNeg     . . .     Spirit   .   (armour unavailable)
rPois    .         Reflect  .   (helmet restricted)
rElec    .         Harm     .   (no cloak)
rCorr    .         Rampage  .   (no gloves)
MR       .....                  (no boots)
Stlth    ++........             (no amulet)
HPRegen  0.11/turn              h - ring of ice
MPRegen  0.10/turn              (no ring)

@: no status effects
A: unfitting armour, stinger 1, agile 1, no potion heal 1, cold-blooded, subdued
magic 1, AC +5
a: no special abilities


You were on level 3 of the Dungeon.
You visited 1 branch of the dungeon, and saw 3 of its levels.

You collected 86 gold pieces.

Inventory:

Hand Weapons
 j - a +0 whip of freezing (weapon)
Armour
 b - a +0 leather armour
Jewellery
 e - an uncursed ring of protection from fire
 h - a ring of ice (left hand)
Scrolls
 a - a scroll of identify
Potions
 d - a potion of mutation


   Skills:
 + Level 0.3 Fighting
 + Level 0.9 Maces & Flails
 + Level 2.2 Dodging
 + Level 1.9 Stealth
 + Level 2.5 Spellcasting
 + Level 1.4 Conjurations
 + Level 4.1 Fire Magic


You had 4 spell levels left.
You knew the following spells:

 Your Spells              Type           Power        Failure   Level
a - Foxfire               Conj/Fire      #...         5%          1
b - Inner Flame           Hex/Fire       #.......     22%         3

Your spell library contained the following spells:

 Spells                   Type           Power        Failure   Level
 Conjure Flame            Conj/Fire      #.......     17%         3
 Sticky Flame             Conj/Fire      #.......     50%         4
 Fireball                 Conj/Fire      #.........   86%         5


Dungeon Overview and Level Annotations

Branches:
Dungeon (3/15)

Altars:


Innate Abilities, Weirdness & Mutations

Your plain brown scales are hard. (AC +5)
You cannot fit into any form of body armour.
You are cold-blooded and may be slowed by cold attacks.
Your tail ends in a poisonous barb.
You are agile. (Dex +2)
Potions are less effective at restoring your health.
Your spells are a little easier to cast, but a little less powerful.


Message History

You conjure some foxfire!
The gnoll barely misses you.
Your foxfire dissipates!
You see here a leather armour.
There is a stone staircase leading down here.
You climb downwards.
There is a stone staircase leading up here.
Casting: Foxfire (safe; 5% risk of failure)
Confirm with . or Enter, or press ? or * to list all spells.
Nothing appears to happen.
The gnoll barely misses you.
Casting: Foxfire (safe; 5% risk of failure)
Confirm with . or Enter, or press ? or * to list all spells.
Nothing appears to happen.
Casting: Foxfire (safe; 5% risk of failure)
Confirm with . or Enter, or press ? or * to list all spells.
Nothing appears to happen.
The gnoll hits you with a +0 flail.
* * * LOW HITPOINT WARNING * * *
You hit the gnoll but do no damage.
The gnoll is heavily wounded.
The gnoll hits you with a +0 flail!
You die... #.###### #....g@# ..#######

You could see a gnoll.

Vanquished Creatures
  4 adders (D:2)
  A gnoll (D:2)
  3 worms (D:2)
  A dart slug (D:1)
  2 leopard geckos (D:2)
  2 bats
  2 giant cockroaches (D:2)
  6 goblins
  2 hobgoblins
  4 kobolds
  3 frilled lizards
  7 rats
37 creatures vanquished.

Vanquished Creatures (others)
  53 foxfires
53 creatures vanquished.

Grand Total: 90 creatures vanquished

Notes
Turn   | Place    | Note
-------+----------+-------------------------------------------
     0 | D:1      | mkm the Draconian Fire Elementalist began the quest for the
                  | Orb.
     0 | D:1      | Reached XP level 1. HP: 14/14 MP: 3/3
   325 | D:1      | Reached XP level 2. HP: 20/20 MP: 0/5
  1005 | D:1      | Gained mutation: Potions are less effective at restoring
                  | your health. [potion of mutation]
  1005 | D:1      | Gained mutation: Your spells are a little easier to cast,
                  | but a little less powerful. [potion of mutation]
  1005 | D:1      | Gained mutation: Your tail ends in a poisonous barb.
                  | [potion of mutation]
  1005 | D:1      | Gained mutation: You are agile. (Dex +2) [potion of
                  | mutation]
  1155 | D:2      | Reached XP level 3. HP: 3/26 MP: 2/6
  1162 | D:2      | HP: 1/26 [poisoned by an adder]
  1651 | D:2      | Reached skill level 4 in Fire Magic
  1658 | D:2      | Learned a level 3 spell: Inner Flame
  2187 | D:2      | Reached XP level 4. HP: 33/33 MP: 5/7
  2539 | D:3      | HP: 1/33 [gnoll/+0 flail (6)]
  2540 | D:3      | Mangled by a gnoll

Illustrated notes

Levels and vault maps discovered:
D:1:      lightli_arrival_lavapool, layout_basic
D:2:      layout_basic
D:3:      layout_basic, overflow_temple_1_default, lemuel_doored_altar

Skill      XL: |  1  2  3 |
---------------+----------+-----
Fire Magic     | 4 |  4.1
Dodging        | 2 |  2.2
Fighting       | |  0.3
Maces & Flails | |  0.9
Stealth        | |  1.9
Spellcasting   | |  2.5
Conjurations   | |  1.4

Action                   |  1- 3 |  4- 6 || total
-------------------------+-------+-------++-------
Melee: Mace              |     8 |       ||     8
       Tailslap          |     7 |       ||     7
       Unarmed           |     1 |       ||     1
       Whip              |    46 |    23 ||    69
 Cast: Foxfire           |    47 |    25 ||    72
  Use: Scroll            |     6 |     3 ||     9
       Potion            |     3 |       ||     3
Armor: Skin              |    16 |     4 ||    20
Dodge: Dodged            |    43 |    17 ||    60

Table legend: (Time is in decaauts)
 A = Elapsed time spent in this place.
 B = Non-inter-level travel time spent in this place.
 C = Inter-level travel time spent in this place.
 D = Time resting spent in this place.
 E = Time spent auto-exploring this place.
 F = Levels seen in this place.
 G = Mean time per level.
                   A        B        C        D        E       F      G
               +--------+--------+--------+--------+--------+-----+--------+
         Total |   2545 |   2463 |     82 |    531 |   1369 |   3 |  848.3 |
       Dungeon |   2545 |   2463 |     82 |    531 |   1369 |   3 |  848.3 |
               +--------+--------+--------+--------+--------+-----+--------+

Top non-repeatable levels by time:
     D:2: 1421 daAuts
     D:1: 1120 daAuts
     D:3: 3 daAuts
